 Dungeon Crawl Stone Soup version 0.27.1-34-g3ba077fa99 (webtiles) character file.

Game seed: 9412089134697494332

57 barney the Changer (level 3, 0/42 HPs)
             Began as a Draconian Transmuter on Jan 13, 2022.
             Slain by an adder (4 damage)
             ... on level 2 of the Dungeon.
             The game lasted 00:01:22 (2579 turns).

barney the Changer (Draconian Transmuter)           Turns: 2579, Time: 00:01:23

Health: 0/42       AC: 21    Str: 12    XL:     3   Next: 73%
Magic:  6/6        EV:  2    Int: 14    God:
Gold:   18         SH:  0    Dex: 11    Spells: 0/6 levels left

rFire    . . .     SeeInvis .   c - +0 dagger
rCold    . . .     Faith    .   (no shield)
rNeg     + + +     Spirit   .   (armour unavailable)
rPois    +         Reflect  .   (helmet currently unavailable)
rElec    .         Harm     .   (cloak currently unavailable)
rCorr    .         Rampage  .   (gloves currently unavailable)
Will     .....     NoTele   +   (boots currently unavailable)
Stlth    +.........             (no amulet)
HPRegen  0.14/turn              (no ring)
MPRegen  0.10/turn              (no ring)

@: tree-form
A: stationary, stasis, torment immunity, boosted hp, AC +5, unfitting armour,
(cold-blooded)
a: no special abilities


You were on level 2 of the Dungeon.
You were a tree.
You visited 1 branch of the dungeon, and saw 2 of its levels.

You collected 18 gold pieces.

Inventory:

Hand Weapons
 c - a +0 dagger (weapon)
Armour
 d - a +0 pair of gloves (melded)
Scrolls
 a - 3 scrolls of identify {unknown}


   Skills:
 - Level 1.1 Fighting
 - Level 1.7 Dodging
 - Level 3.0 Unarmed Combat
 - Level 2.0 Spellcasting
 + Level 4.1 Transmutations


You couldn't memorise any spells.
You knew the following spells:

 Your Spells              Type           Power      Damage    Failure   Level
a - Beastly Appendage     Tmut           26%        N/A       4%          1
b - Spider Form           Tmut/Pois      3%         N/A       30%         3
c - Wereblood             Tmut           13%        N/A       6%          2

Your spell library contained the following spells:

 Spells                   Type           Power      Damage    Failure   Level
 Ice Form                 Ice/Tmut       7%         N/A       69%         4


Dungeon Overview and Level Annotations

Branches:
Dungeon (2/15)

Altars:


Innate Abilities, Weirdness & Mutations

You are a tree.
Your roots penetrate the ground, keeping you stationary.
You cannot be teleported.
You are immune to unholy pain and torment.
Your maximum health is greatly increased.
Your equipment is partially melded.
((Your plain brown scales are hard. (AC +5)))
You cannot fit into any form of body armour.
((You are cold-blooded and may be slowed by cold attacks.))


Message History

The adder is moderately wounded.
You feel sick. The adder bites you but does no damage.
You hit the adder but do no damage. Your kick misses the adder.
The adder is moderately wounded.
Your transformation is almost over.
You feel sick. The adder barely misses you. The adder misses you.
You miss the adder. You claw the adder, but do no damage.
The adder is moderately wounded.
You feel sick.
You are no longer poisoned.
The adder bites you.
* * * LOW HITPOINT WARNING * * *
It was a potion of lignification.
Your horns disappear.
Your talons disappear.
You turn into a tree.
Your +0 pair of gloves melds into your body.
Your roots penetrate the ground.
The adder bites you but does no damage.
You hit the adder.
The adder is heavily wounded.
The adder bites you but does no damage. x2
You hit the adder.
The adder is severely wounded.
The adder bites you.
* * * LOW HITPOINT WARNING * * *
You hit the adder.
The adder is almost dead.
The adder bites you but does no damage.
You closely miss the adder.
The adder is almost dead.
The adder bites you.
* * * LOW HITPOINT WARNING * * *
The adder bites you.
* * * LOW HITPOINT WARNING * * *
You hit the adder but do no damage.
The adder is almost dead.
The adder bites you but does no damage.
You barely miss the adder.
The adder is almost dead.
The adder bites you.
You die...

..# #.#....>..#.. ###
#...........# #####
#.#.......#.##. ....#
#....(..(......
###.####### #.#.#.#
.#......... #r...#
.#.######## #K#...#
.#.....# #S#.#.#
.#..##.# #####♣#.....
.#...#.#
#.....#.#.###
..)<.#.#####.#####.#.
####.........# .# .
.....#.#######
####.#..# # #....# #
###### #


You could see an adder, a kobold and a rat.

Vanquished Creatures
  A gnoll (D:1)
  An adder (D:2)
  3 dart slugs (D:1)
  7 ball pythons
  2 bats (D:1)
  2 endoplasms (D:1)
  A hobgoblin (D:1)
  5 kobolds (D:1)
  A quokka (D:1)
  2 frilled lizards (D:1)
  3 goblins
  5 rats (D:1)
33 creatures vanquished.

Vanquished Creatures (others)
  A ball python (D:1)
1 creature vanquished.

Grand Total: 34 creatures vanquished

Notes
Turn   | Place    | Note
-------+----------+-------------------------------------------
     0 | D:1      | barney the Draconian Transmuter began the quest for the
                  | Orb.
     0 | D:1      | Reached XP level 1. HP: 16/16 MP: 3/3
   251 | D:1      | Reached XP level 2. HP: 23/23 MP: 5/5
   446 | D:1      | Reached skill level 3 in Transmutations
   867 | D:1      | Reached XP level 3. HP: 28/28 MP: 6/6
   871 | D:1      | Learned a level 3 spell: Spider Form
   874 | D:1      | Learned a level 2 spell: Wereblood
  2030 | D:2      | Reached skill level 4 in Transmutations
  2361 | D:2      | Found a faded altar of an unknown god.
  2579 | D:2      | Slain by an adder

Illustrated notes

Levels and vault maps discovered:
D:1:      amcnicky_arrival_underground_garden, layout_loops_corners,
          serial_co_window_serial, co_window_paths_a, co_window_paths_a,
          co_window_of_opportunity_a, co_window_corner_a, co_window_paths_b,
          co_window_corner_a, co_window_paths_b, co_window_unsneaky_path_c,
          co_window_corner_cb, co_window_unsneaky_path_a, co_window_2corner,
          co_window_of_opportunity_c, co_window_paths_d, co_window_paths_e,
          glass_columns_b, glass_columns_c, glass_columns_b, glass_columns_a,
          minivault_25
D:2:      layout_basic, shapermc_ecumenical_altar_notcrosses, st_stairs_4,
          chequers_jeans, minmay_crystal_water

Skill      XL: |  1  2  3 |
---------------+----------+-----
Transmutations | 3 4 |  4.1
Fighting       | |  1.1
Dodging        | |  1.7
Unarmed Combat | |  3.0
Spellcasting   | |  2.0

Action                   || total
-------------------------++-------
Melee: Unarmed           ||    64
       Tailslap          ||    20
       Headbutt          ||     9
       Kick              ||     7
       Dagger            ||    49
 Cast: Beastly Appendage ||    24
  Use: Potion            ||     1
 Stab: Sleeping          ||     1
Armor: Skin              ||    55
Dodge: Dodged            ||    75
